 Dungeon Crawl Stone Soup version 0.31-a0-221-gbddc013574 (webtiles) character file.

Game seed: 12463964601116700840

363 qw the Shield-Bearer (level 6, -2/37 HPs)
             Began as a Gargoyle Fighter on July 4, 2023.
             Slain by a gnoll
             ... wielding a +0 halberd
              (11 damage)
             ... on level 4 of the Dungeon.
             The game lasted 00:01:39 (2870 turns).

qw the Shield-Bearer (Gargoyle Fighter)             Turns: 2870, Time: 00:01:39

Health: -2/37      AC: 11    Str: 21    XL:     6   Next: 67%
Magic:  6/6        EV:  8    Int:  9    God:
Gold:   208        SH:  8    Dex:  9    Spells: 5/5 levels left

rFire   . . .        Y - +1 war axe
rCold   . . .        i - +0 kite shield
rNeg    + . .        b - +0 scale mail
rPois   inf          (no helmet)
rElec   +            (no cloak)
rCorr   .            (no gloves)
SInv    .            (no boots)
Will    .....        (no amulet) Stlth
                     (no ring)
HPRegen 0.26/turn    (no ring)
MPRegen 0.10/turn

%: no passive effects
@: no status effects
A: sickness immunity, AC +4, negative energy resistance 1, electricity
resistance, torment resistance 1, petrification resistance
a: no special abilities


You were on level 4 of the Dungeon.
You visited 1 branch of the dungeon, and saw 4 of its levels.

You collected 208 gold pieces.


Innate Abilities, Weirdness & Mutations

You are immune to sickness and miasma.
Your stone body is resilient. (AC +4)
You are immune to poison.
You resist negative energy. (rN+)
You are resistant to electric shocks. (rElec)
You are resistant to unholy torment.
You are immune to petrification.


   Skills:
 - Level 3.2 Fighting
 + Level 4.9 Axes
 - Level 3.2 Armour
 - Level 5.7 Shields


You had 5 spell levels left.
You didn't know any spells.
Your spell library was empty.

Inventory:

Hand Weapons
 f - a +0 mace of holy wrath
 h - a +0 flail
 Y - a +1 war axe (weapon)
Armour
 b - a +0 scale mail (worn)
 i - a +0 kite shield (worn)
Jewellery
 c - a ring of ice
Scrolls
 a - a scroll of identify
Potions
 d - a potion of might
 g - a potion of degeneration {unknown}
 j - a potion of berserk rage {unknown}
 k - a potion of cancellation {unknown}

Dungeon Overview and Level Annotations

Branches:
Dungeon (4/15)
 Temple: D:4-7

Altars:
Ashenzari
Gozag


Message History

Enter note: The gnoll shouts!
You block the gnoll's attack.
An adder comes into view.
The adder hisses angrily.
The gnoll hits you but does no damage.
You slash the gnoll!
The gnoll is severely wounded.
The gnoll closely misses you.
You barely miss the gnoll.
The gnoll hits you from afar with a +0 halberd!
The gnoll hits you but does no damage.
You closely miss the gnoll. The gnoll barely misses you.
The gnoll hits you but does no damage.
You hit the gnoll.
The gnoll is lightly wounded.
You block the gnoll's attack. The gnoll barely misses you.
You block the gnoll's attack.
The gnoll hits you from afar with a +0 halberd.
You hit the gnoll.
The gnoll is moderately wounded.
You block the gnoll's attack. The gnoll hits you but does no damage.
You closely miss the gnoll.
The gnoll is moderately wounded.
The gnoll hits you but does no damage. The gnoll closely misses you.
You closely miss the gnoll.
The gnoll is moderately wounded.
The gnoll barely misses you. The gnoll hits you with a +0 flail.
You block the gnoll's attack. The gnoll barely misses you.
You slash the gnoll!
The gnoll is severely wounded.
You block the gnoll's attack. The gnoll barely misses you.
You hit the gnoll.
The gnoll is almost dead.
The gnoll hits you from afar with a +0 halberd!
The gnoll hits you with a +0 flail.
You hit the gnoll.
You kill the gnoll!
The gnoll hits you from afar with a +0 halberd!
You die...

......... #.........# ..
##.........##..
+...........g. #............
#.g!.......# .. #S#######.##
..########@#.....#..#
..........#..$!$#..#
.........#.._..#..# .
#...##....##.#.....#..#
#...##?...##.#.....#..#
#...#.....##.###'###).##+####
#...o.......%........##.....#
#...##....##%................
#..##....##.................


You could see a gnoll and an adder.

Vanquished Creatures
  2 black bears (D:4)
  An iguana (D:4)
  2 gnolls (D:4)
  6 adders
  An ufetubus (D:4)
  5 worms
  8 dart slugs
  An orc (D:2)
  6 bats
  2 endoplasms
  A giant cockroach (D:2)
  10 goblins
  8 hobgoblins
  4 kobolds
  3 quokkas
  8 ball pythons
  4 frilled lizards
  7 rats
79 creatures vanquished.

Notes
Turn   | Place    | Note
-------+----------+-------------------------------------------
     0 | D:1      | qw the Gargoyle Fighter began the quest for the Orb.
     0 | D:1      | Reached XP level 1. HP: 14/14 MP: 1/1
     0 | D:1      | 0 ||| qw: Version: 0.3-a-41-g9d075ac
     0 | D:1      | 0 ||| qw: Game counter: 712
     0 | D:1      | 0 ||| qw: Melee chars always use a shield: true
     0 | D:1      | 0 ||| qw: God list: Okawaru
     0 | D:1      | 0 ||| qw: Allow faded altars: false
     0 | D:1      | 0 ||| qw: Do Orc after clearing Dungeon:15 true
     0 | D:1      | 0 ||| qw: Do second Lair branch before Depths: true
     0 | D:1      | 0 ||| qw: Lair rune preference: random
     0 | D:1      | 0 ||| qw: Goals: Normal, Zot:1-4, Slime:5, God:TSO, Crypt,
                  | Tomb, Abyss, Pan, Hells, Win
     0 | D:1      | 0 ||| PLANNING D:1-11
    92 | D:1      | Reached XP level 2. HP: 16/19 MP: 2/2
   159 | D:1      | 159 ||| Stepping ~*~*~tactically~*~*~ (hiding).
   329 | D:1      | 329 ||| Stepping ~*~*~tactically~*~*~ (stealth).
   332 | D:1      | 332 ||| Stepping ~*~*~tactically~*~*~ (stealth).
   334 | D:1      | 334 ||| Stepping ~*~*~tactically~*~*~ (hiding).
   358 | D:1      | 358 ||| Stepping ~*~*~tactically~*~*~ (hiding).
   360 | D:1      | 360 ||| Stepping ~*~*~tactically~*~*~ (hiding).
   494 | D:1      | Reached skill level 3 in Axes
   494 | D:1      | Found a faded altar of an unknown god.
   558 | D:1      | Reached XP level 3. HP: 23/23 MP: 3/3
   828 | D:1      | 828 ||| DROPPING +0 club.
   888 | D:1      | 888 ||| Stepping ~*~*~tactically~*~*~ (hiding).
  1006 | D:1      | 1006 ||| UPGRADING to +0 kite shield.
  1016 | D:1      | 1016 ||| DROPPING +0 buckler.
  1017 | D:1      | 1017 ||| READING scroll labelled CEGGYG JIAX.
  1118 | D:1      | 1118 ||| READING scroll labelled TOANAJ FITOYVOLA.
  1119 | D:1      | 1119 ||| READING scroll labelled NUMNU AKHLIT.
  1120 | D:1      | 1120 ||| READING scroll labelled OVUTETUDDI.
  1270 | D:2      | 1270 ||| Stepping ~*~*~tactically~*~*~ (stealth).
  1363 | D:2      | 1363 ||| DROPPING +0 whip.
  1415 | D:2      | Reached XP level 4. HP: 28/28 MP: 4/4
  1454 | D:2      | Reached skill level 4 in Shields
  1545 | D:2      | 1545 ||| Stepping ~*~*~tactically~*~*~ (stealth).
  1810 | D:2      | 1810 ||| READING 2 scrolls labelled FIJ KAICWIHU.
  1811 | D:2      | 1811 ||| READING scroll labelled QIUR QUIPYA.
  1812 | D:2      | 1812 ||| READING scroll labelled SEMADGH BUXKUF.
  1813 | D:2      | 1813 ||| READING scroll labelled QUMAUFEREKK.
  1862 | D:3      | 1862 ||| Stepping ~*~*~tactically~*~*~ (hiding).
  2244 | D:3      | Found a broken altar of Ashenzari.
  2319 | D:3      | Reached XP level 5. HP: 32/32 MP: 5/5
  2417 | D:3      | 2417 ||| READING scroll labelled CUAS ATUULL.
  2418 | D:3      | 2418 ||| READING scroll labelled ZUOLOI TADWEV.
  2656 | D:4      | Noticed a black bear
  2665 | D:4      | Killed a black bear
  2666 | D:4      | Reached skill level 5 in Shields
  2666 | D:4      | Reached XP level 6. HP: 36/37 MP: 6/6
  2750 | D:4      | Found an opulent altar of Gozag.
  2755 | D:4      | Noticed a black bear
  2766 | D:4      | Killed a black bear
  2791 | D:4      | 2791 ||| FLEEEEING.
  2793 | D:4      | 2793 ||| FLEEEEING.
  2794 | D:4      | 2794 ||| FLEEEEING.
  2835 | D:4      | 2835 ||| READING 2 scrolls of identify.
  2835 | D:4      | 2835 ||| IDENTIFYING amethyst potion
  2836 | D:4      | 2836 ||| DROPPING potion of brilliance.
  2869 | D:4      | HP: 9/37 [gnoll/+0 flail (1)]
  2870 | D:4      | Slain by a gnoll

Levels and vault maps discovered:
D:1:      dpeg_arrival_arbitrary_a, layout_basic,
          hellmonk_ecumenical_altar_arch_garden
D:2:      layout_basic
D:3:      layout_rooms, mainiacjoe_overflow_six_doors_small
D:4:      layout_gridville, nicolae_qazlal_general_emergency,
          amcnicky_altar_gilded, corexii_corridor_pit, grunt_ministairs_1,
          lemuel_flame_loot_1

Skill      XL: |  1  2  3  4  5 |
---------------+----------------+-----
Axes           | 2 3 4 |  4.9
Shields        | 4 5 |  5.7
Fighting       | |  3.2
Armour         | |  3.2

Action                     |  1- 3 |  4- 6 || total
---------------------------+-------+-------++-------
  Melee: War axe           |    98 |   125 ||   223
    Use: Scroll            |     4 |     7 ||    11
 Armour: Scale mail        |    46 |    69 ||   115
  Dodge: Dodged            |    31 |    49 ||    80
  Block: Buckler           |     9 |       ||     9
         Kite shield       |     8 |    62 ||    70

Table legend:
 A = Non-vault XP
 B = Vault XP
 C = Vault XP percentage of total XP
 D = Non-vault monster count
 E = Vault monster count
 F = Vault count percentage of total count
                 A         B        C        D         E       F
            +---------+---------+-------+---------+---------+-------
      Total |     534 |       0 |   0.0 |      79 |       0 |   0.0
            +---------+---------+-------+---------+---------+-------
        D:1 |      51 |       0 |   0.0 |      28 |       0 |   0.0
        D:2 |      51 |       0 |   0.0 |      17 |       0 |   0.0
        D:3 |      65 |       0 |   0.0 |      18 |       0 |   0.0
        D:4 |     367 |       0 |   0.0 |      16 |       0 |   0.0
            +---------+---------+-------+---------+---------+-------
